[Event "Charlotte Fall GM-A 2023"]
[Site "Charlotte"]
[Date "2023.11.17"]
[Round "1.1"]
[White "Mardov, Dimitar"]
[Black "Sandoval Mercado, Carlos"]
[Result "1/2-1/2"]
[ECO "A88"]
[WhiteElo "2455"]
[BlackElo "2397"]
[Annotator "RC"]
[PlyCount "122"]
[EventDate "2023.11.17"]
[EventType "tourn"]
[EventCountry "USA"]
[SourceTitle "playchess.com"]
[Source "ChessBase"]
[SourceQuality "1"]
[TimeControl "5400+30"]

1. d4 f5 2. Nf3 Nf6 3. g3 g6 4. Bg2 Bg7 5. O-O O-O 6. c4 d6 7. Nc3 c6 8. Qc2 Na6 9. Bg5 Be6 10. b3 Nc7 11. Rfe1 b5 12. Nd2 d5 13. e3 Ne4 14. Ndxe4 fxe4 15. Bf4 Rc8 16. Rac1 Na6 17. Qd2 b4 18. Ne2 Qd7 19. cxd5 cxd5 20. Rxc8 Rxc8 21. Rc1 Rf8 22. Be5 g5 23. Bf1 Bg4 24. Rc2 h5 25. h4 Qf5 26. Qe1 Nb8 27. Bxg7 Kxg7 28. hxg5 Bxe2 29. Qxe2 Qxg5 30. Bg2 h4 31. gxh4 Qxh4 32. Qb5 Qh5 33. Rc7 a6 34. Qf1 Kf6 35. f3 Ke6 36. f4 Rh8 37. f5+ Kf6 38. Qf4 Qxf5 39. Qxf5+ Kxf5 40. Rxe7 Nc6 41. Rc7 Rh6 42. Kf2 Rd6 43. Bh3+ Kf6 44. Rb7 Ne7 45. Rxb4 Rc6 46. Bf1 Rc2+ 47. Be2 Rxa2 48. Rb6+ Kf7 49. Rxa6 Rb2 50. Rb6 Nf5 51. Rb7+ Ke6 52. b4 Ng3 53. Kxg3 Rxe2 54. Kf4 Rf2+ 55. Kg4 Rg2+ 56. Kf4 Rf2+ 57. Kg4 Rf3 58. Rb6+ Kd7 59. Rb5 Kd6 60. Rb6+ Kc7 61. Rb5 Kd6 1/2-1/2

[Event "Charlotte Fall GM-A 2023"]
[Site "Charlotte"]
[Date "2023.11.17"]
[Round "1.3"]
[White "Cruz, Cristhian"]
[Black "Gauri, Shankar"]
[Result "1-0"]
[ECO "D12"]
[WhiteElo "2498"]
[BlackElo "2351"]
[Annotator "RC"]
[PlyCount "91"]
[EventDate "2023.11.17"]
[EventType "tourn"]
[EventCountry "USA"]
[SourceTitle "playchess.com"]
[Source "ChessBase"]
[SourceQuality "1"]
[TimeControl "5400+30"]

1. d4 d5 2. c4 c6 3. Nf3 Nf6 4. e3 Bf5 5. Bd3 Bxd3 6. Qxd3 e6 7. Nbd2 Nbd7 8. b3 Bd6 9. Bb2 O-O 10. O-O Qe7 11. Rad1 a5 12. a4 Rad8 13. e4 dxe4 14. Nxe4 Bb4 15. Ng3 Rfe8 16. Qc2 c5 17. d5 exd5 18. cxd5 Qd6 19. Qf5 h6 20. Qb1 Qf4 21. Bc1 Qg4 22. Bb2 Ne4 23. h3 Qg6 24. Nxe4 Qxe4 25. Qa1 f6 26. Bc3 Bxc3 27. Qxc3 Qb4 28. Qc2 Nb6 29. Rfe1 c4 30. Rxe8+ Rxe8 31. bxc4 Qxc4 32. Qb1 Nxa4 33. Qg6 Qe4 34. Qh5 Rd8 35. Rd4 Qb1+ 36. Kh2 Nc5 37. Nh4 Qb6 38. Nf5 Qc7+ 39. d6 Qf7 40. Ne7+ Kf8 41. Qxc5 Qe6 42. f4 Kf7 43. Nf5 Rc8 44. Qxc8 Qxc8 45. d7 Qd8 46. Nd6+ 1-0

[Event "Charlotte Fall GM-A 2023"]
[Site "Charlotte"]
[Date "2023.11.17"]
[Round "1.4"]
[White "Siddharth, Jagadeesh"]
[Black "Chen, Ryo"]
[Result "1-0"]
[ECO "A45"]
[WhiteElo "2438"]
[BlackElo "2367"]
[Annotator "RC"]
[PlyCount "59"]
[EventDate "2023.11.17"]
[EventType "tourn"]
[EventCountry "USA"]
[SourceTitle "playchess.com"]
[Source "ChessBase"]
[SourceQuality "1"]
[TimeControl "5400+30"]

1. d4 Nf6 2. Bf4 g6 3. Nc3 d5 4. e3 Bg7 5. Nb5 Na6 6. Nc3 Nb8 7. h4 c6 8. Be2 h5 9. Nf3 O-O 10. Ne5 Nbd7 11. f3 Qb6 12. Rb1 Nxe5 13. Bxe5 Nd7 14. Bxg7 Kxg7 15. g4 hxg4 16. fxg4 Qc7 17. g5 e5 18. h5 Qd8 19. Rg1 gxh5 20. Bxh5 Qe7 21. Kf2 Rh8 22. Rh1 Nf8 23. Qf3 exd4 24. exd4 Ne6 25. Rbe1 Bd7 26. Re5 Rag8 27. Ne2 Kf8 28. Bxf7 Rxh1 29. Bxe6+ Kg7 30. Bxg8 1-0

[Event "Charlotte Fall GM-A 2023"]
[Site "Charlotte"]
[Date "2023.11.17"]
[Round "1.5"]
[White "Woodward, Andy"]
[Black "Aarav Dengla"]
[Result "1-0"]
[ECO "E73"]
[WhiteElo "2473"]
[BlackElo "2391"]
[Annotator "RC"]
[PlyCount "45"]
[EventDate "2023.11.17"]
[EventType "tourn"]
[EventCountry "USA"]
[SourceTitle "playchess.com"]
[Source "ChessBase"]
[SourceQuality "1"]
[TimeControl "5400+30"]

1. d4 Nf6 2. c4 g6 3. Nc3 Bg7 4. e4 d6 5. Be2 O-O 6. Be3 Nc6 7. d5 Ne5 8. f4 Neg4 9. Bd2 Nh6 10. Nf3 c6 11. a4 e6 12. dxc6 bxc6 13. e5 dxe5 14. Nxe5 Nf5 15. Bf3 Nd4 16. Be3 Nxf3+ 17. Qxf3 Qc7 18. Nb5 Qb7 19. Nxc6 a6 20. Nd6 Qc7 21. Rd1 Bd7 22. Ne7+ Kh8 23. Qxa8 1-0

[Event "Charlotte Fall GM-A 2023"]
[Site "Charlotte"]
[Date "2023.11.18"]
[Round "2.1"]
[White "Sandoval Mercado, Carlos"]
[Black "Aarav Dengla"]
[Result "1-0"]
[ECO "D31"]
[WhiteElo "2397"]
[BlackElo "2391"]
[Annotator "RC"]
[PlyCount "149"]
[EventDate "2023.11.17"]
[EventType "tourn"]
[EventCountry "USA"]
[SourceTitle "playchess.com"]
[Source "ChessBase"]
[SourceQuality "1"]
[TimeControl "5400+30"]

1. d4 d5 2. c4 e6 3. Nc3 a6 4. cxd5 exd5 5. Bf4 Nf6 6. e3 c5 7. Nge2 c4 8. Be5 Bb4 9. g3 Be6 10. Bxf6 Qxf6 11. Bg2 Nc6 12. O-O Rd8 13. Nf4 Bxc3 14. bxc3 g5 15. Nxe6 fxe6 16. f4 O-O 17. Qg4 Qf5 18. Qxg5+ Qxg5 19. fxg5 Na7 20. a4 Rxf1+ 21. Kxf1 Nc8 22. e4 dxe4 23. Bxe4 Nd6 24. Bf3 Rf8 25. Ke2 Kg7 26. h4 Rf7 27. Ke3 Nf5+ 28. Kf2 b5 29. axb5 axb5 30. Rb1 Nd6 31. Re1 Nf5 32. Rxe6 b4 33. cxb4 Nxd4 34. Re3 Rc7 35. Rc3 Nb5 36. Rc1 c3 37. Ke3 c2 38. Be4 Re7 39. Kd3 Rd7+ 40. Kxc2 Rd4 41. Bd3 Rxb4 42. Ra1 Nd6 43. Ra7+ Rb7 44. Ra6 Rc7+ 45. Kd2 Rd7 46. Ke2 Re7+ 47. Kf3 Nf7 48. Bf5 Rc7 49. Kg2 Rc5 50. Be4 Rc4 51. Bxh7 Nxg5 52. Rg6+ Kxh7 53. Rxg5 Kh6 54. Re5 Kg6 55. Kf3 Kf6 56. Re4 Rc1 57. Kg4 Rc2 58. Rf4+ Kg7 59. Kg5 Rc3 60. g4 Rc5+ 61. Rf5 Rc6 62. h5 Rb6 63. h6+ Kh7 64. Rf7+ Kg8 65. Rc7 Rb5+ 66. Kg6 Rb6+ 67. Kh5 Kh8 68. g5 Rb5 69. Re7 Ra5 70. Kg6 Ra8 71. Kf6 Kg8 72. g6 Kh8 73. Rd7 Ra6+ 74. Kf7 Rd6 75. g7+ 1-0

[Event "Charlotte Fall GM-A 2023"]
[Site "Charlotte"]
[Date "2023.11.18"]
[Round "2.2"]
[White "Chen, Ryo"]
[Black "Woodward, Andy"]
[Result "0-1"]
[ECO "B70"]
[WhiteElo "2367"]
[BlackElo "2473"]
[Annotator "RC"]
[PlyCount "154"]
[EventDate "2023.11.17"]
[EventType "tourn"]
[EventCountry "USA"]
[SourceTitle "playchess.com"]
[Source "ChessBase"]
[SourceQuality "1"]
[TimeControl "5400+30"]

1. e4 c5 2. Nf3 d6 3. d4 cxd4 4. Nxd4 Nf6 5. Nc3 Nc6 6. Be2 g6 7. O-O Bg7 8. Nb3 O-O 9. Bg5 Be6 10. Kh1 a5 11. a4 h6 12. Bh4 Nxe4 13. Nxe4 f5 14. Nc3 g5 15. Bg3 f4 16. Bxf4 gxf4 17. Bf3 Bf7 18. Nd5 Bxb2 19. Rb1 Be5 20. Nd2 Rb8 21. g3 fxg3 22. fxg3 e6 23. Ne3 d5 24. c4 Nd4 25. cxd5 exd5 26. Bg2 Kh8 27. Nxd5 Bg7 28. Nf4 b5 29. axb5 Nxb5 30. Qa4 Nc3 31. Rxb8 Nxa4 32. Rxd8 Rxd8 33. Ne4 Nb2 34. Nc5 a4 35. Nfe6 Bxe6 36. Nxe6 Rd6 37. Nf4 a3 38. Bd5 Be5 39. Ba2 Bxf4 40. Rxf4 Rd1+ 41. Kg2 Nd3 42. Rf8+ Kg7 43. Rg8+ Kh7 44. Kf3 Nb4 45. Ra8 Nxa2 46. Rxa3 Nb4 47. Ra4 Nc6 48. Re4 Rd3+ 49. Ke2 Rb3 50. Rc4 Rb2+ 51. Ke3 Ne5 52. Re4 Rb3+ 53. Kf4 Nd3+ 54. Kf5 Rb7 55. Rd4 Rf7+ 56. Ke4 Ne1 57. Rd5 Nf3 58. h4 Nh2 59. Rf5 Ra7 60. Rc5 Rg7 61. Kf4 Rg4+ 62. Kf5 Rxg3 63. Rc2 Nf1 64. Rf2 Rg8 65. Ra2 Ng3+ 66. Kf4 Nh5+ 67. Kf5 Rg1 68. Ra5 Ng7+ 69. Kf4 Kg6 70. Rb5 Nh5+ 71. Kf3 Rg3+ 72. Ke4 Rg4+ 73. Ke5 Nf6 74. Rb6 Re4+ 75. Kd6 Rxh4 76. Ke5 Re4+ 77. Kd6 h5 0-1

[Event "Charlotte Fall GM-A 2023"]
[Site "Charlotte"]
[Date "2023.11.18"]
[Round "2.3"]
[White "Gauri, Shankar"]
[Black "Siddharth, Jagadeesh"]
[Result "1/2-1/2"]
[ECO "B07"]
[WhiteElo "2351"]
[BlackElo "2438"]
[Annotator "RC"]
[PlyCount "59"]
[EventDate "2023.11.17"]
[EventType "tourn"]
[EventCountry "USA"]
[SourceTitle "playchess.com"]
[Source "ChessBase"]
[SourceQuality "1"]
[TimeControl "5400+30"]

1. Nf3 Nf6 2. g3 g6 3. Bg2 Bg7 4. O-O O-O 5. d4 d6 6. Re1 Nbd7 7. e4 e5 8. Nc3 Re8 9. Be3 c6 10. h3 b5 11. a3 Qc7 12. Qd2 a5 13. dxe5 dxe5 14. Red1 Rb8 15. Nh4 Nb6 16. b3 Be6 17. Bh6 Qe7 18. Bxg7 Kxg7 19. Qd6 Qxd6 20. Rxd6 Rec8 21. f4 Ne8 22. Rd2 Rd8 23. Rad1 Rxd2 24. Rxd2 exf4 25. gxf4 f6 26. Nf3 b4 27. axb4 axb4 28. Nd1 c5 29. Ne3 c4 30. bxc4 1/2-1/2

[Event "Charlotte Fall GM-A 2023"]
[Site "Charlotte"]
[Date "2023.11.18"]
[Round "2.4"]
[White "Bellahcene, Bilel"]
[Black "Cruz, Cristhian"]
[Result "1/2-1/2"]
[ECO "C17"]
[WhiteElo "2502"]
[BlackElo "2498"]
[Annotator "RC"]
[PlyCount "60"]
[EventDate "2023.11.17"]
[EventType "tourn"]
[EventCountry "USA"]
[SourceTitle "playchess.com"]
[Source "ChessBase"]
[SourceQuality "1"]
[TimeControl "5400+30"]

1. e4 e6 2. d4 d5 3. Nc3 Bb4 4. e5 c5 5. Bd2 Ne7 6. a3 Bxc3 7. bxc3 b6 8. Qg4 O-O 9. h4 Nf5 10. h5 h6 11. Nf3 Qc7 12. Bd3 cxd4 13. cxd4 Ba6 14. Qf4 Bxd3 15. cxd3 Nc6 16. g4 Nfe7 17. g5 Nf5 18. gxh6 gxh6 19. Rc1 Qb7 20. Be3 Nce7 21. Nh2 Kh7 22. Ng4 Ng8 23. Bd2 Rac8 24. Ke2 Rxc1 25. Rxc1 Rc8 26. Rxc8 Qxc8 27. Ne3 Nge7 28. Ng4 Ng8 29. Ne3 Nge7 30. Ng4 Ng8 1/2-1/2

[Event "Charlotte Fall GM-A 2023"]
[Site "Charlotte"]
[Date "2023.11.18"]
[Round "2.5"]
[White "Mardov, Dimitar"]
[Black "Corrales Jimenez, Fidel"]
[Result "1/2-1/2"]
[ECO "D93"]
[WhiteElo "2455"]
[BlackElo "2525"]
[Annotator "RC"]
[PlyCount "44"]
[EventDate "2023.11.17"]
[EventType "tourn"]
[EventCountry "USA"]
[SourceTitle "playchess.com"]
[Source "ChessBase"]
[SourceQuality "1"]
[TimeControl "5400+30"]

1. d4 Nf6 2. c4 g6 3. Nc3 d5 4. Bf4 Bg7 5. e3 O-O 6. Rc1 c6 7. Nf3 Ne4 8. cxd5 cxd5 9. Qb3 Nxc3 10. Rxc3 Nc6 11. Rc5 e6 12. Be2 Qb6 13. Qc3 Bd7 14. O-O Rfc8 15. Qd2 a6 16. Rfc1 Bf8 17. R5c2 f6 18. a3 Na5 19. Rxc8 Rxc8 20. Rxc8 Bxc8 21. Qc3 Nc6 22. h4 Bd7 1/2-1/2

[Event "Charlotte Fall GM-A 2023"]
[Site "Charlotte"]
[Date "2023.11.18"]
[Round "3.1"]
[White "Corrales Jimenez, Fidel"]
[Black "Sandoval Mercado, Carlos"]
[Result "1-0"]
[ECO "D36"]
[WhiteElo "2525"]
[BlackElo "2397"]
[Annotator "RC"]
[PlyCount "189"]
[EventDate "2023.11.17"]
[EventType "tourn"]
[EventCountry "USA"]
[SourceTitle "playchess.com"]
[Source "ChessBase"]
[SourceQuality "1"]
[TimeControl "5400+30"]

1. d4 Nf6 2. c4 e6 3. Nc3 d5 4. cxd5 exd5 5. Bg5 c6 6. Qc2 Be7 7. e3 h6 8. Bxf6 Bxf6 9. Bd3 O-O 10. Bh7+ Kh8 11. Bf5 Nd7 12. Nge2 Nb6 13. Bxc8 Nxc8 14. O-O Nd6 15. Nf4 Re8 16. Nd3 g6 17. b4 a6 18. a4 Nc4 19. a5 Bg7 20. Rae1 Qg5 21. Na4 Nd6 22. Nac5 Re7 23. Qd1 h5 24. h3 Rae8 25. Kh1 Ne4 26. Nxe4 dxe4 27. Nc5 Qd5 28. Qb3 Qd6 29. Rd1 Rd8 30. Rd2 f5 31. Rfd1 Qd5 32. Qxd5 Rxd5 33. Na4 Re8 34. Nb6 Rd6 35. h4 Bf6 36. g3 Kg8 37. Kg2 Red8 38. Rc1 Be7 39. Rdc2 Bf8 40. Rc4 Rf6 41. Rb1 Rfd6 42. Kf1 Rf6 43. Ke2 Rfd6 44. Kd2 Be7 45. Kc3 Bf8 46. Kb3 Rf6 47. Rd1 Rfd6 48. Rcc1 Kh8 49. Kc4 Kg8 50. Na4 R6d7 51. Rb1 Kf7 52. Rd2 Be7 53. Rdb2 Re8 54. Rc2 Red8 55. Nc5 Rc7 56. Rd2 Bf8 57. Rbd1 Be7 58. Rf1 Bf8 59. Re2 Bxc5 60. bxc5 Ke7 61. f3 exf3 62. Rxf3 Rcd7 63. Rf1 Re8 64. e4 Kd8 65. e5 Re6 66. Kd3 Kc8 67. Ke3 Kd8 68. Rd2 Rd5 69. Kf4 Rd7 70. d5 cxd5 71. Rfd1 Ke7 72. Rxd5 Rxd5 73. Rxd5 Rc6 74. Ke3 Rc8 75. Kd4 Rf8 76. Rd6 f4 77. gxf4 Rxf4+ 78. Kd5 Rf1 79. Rxg6 Rd1+ 80. Ke4 Re1+ 81. Kf5 Rf1+ 82. Kg5 Re1 83. Kxh5 Rxe5+ 84. Rg5 Re4 85. Rg7+ Kf6 86. Rxb7 Re5+ 87. Kh6 Rxc5 88. Rb6+ Kf5 89. Rxa6 Kg4 90. Kg6 Kxh4 91. Kf6 Kh5 92. Ra8 Rc6+ 93. Ke7 Kg6 94. Rb8 Kg7 95. Rb6 1-0

[Event "Charlotte Fall GM-A 2023"]
[Site "Charlotte"]
[Date "2023.11.18"]
[Round "3.2"]
[White "Cruz, Cristhian"]
[Black "Mardov, Dimitar"]
[Result "1/2-1/2"]
[ECO "E14"]
[WhiteElo "2498"]
[BlackElo "2455"]
[Annotator "RC"]
[PlyCount "177"]
[EventDate "2023.11.17"]
[EventType "tourn"]
[EventCountry "USA"]
[SourceTitle "playchess.com"]
[Source "ChessBase"]
[SourceQuality "1"]
[TimeControl "5400+30"]

1. d4 Nf6 2. c4 e6 3. Nf3 d5 4. e3 b6 5. cxd5 exd5 6. Ne5 Bb7 7. Bb5+ c6 8. Bd3 Bd6 9. Nd2 O-O 10. b3 c5 11. Bb2 Qe7 12. O-O Nc6 13. Nxc6 Bxc6 14. dxc5 bxc5 15. Qf3 Nd7 16. Qh3 g6 17. e4 Qe6 18. Qh6 Be5 19. Nf3 f6 20. exd5 Bxd5 21. Rfe1 Qg4 22. h3 Qf4 23. Qxf4 Bxf4 24. Rad1 Nb6 25. Be4 Rad8 26. g3 Bc7 27. Rc1 Bxe4 28. Rxe4 Rd5 29. Kg2 Kf7 30. Rc2 Rfd8 31. Ba3 Bd6 32. Re1 a5 33. Rec1 Rc8 34. Nd2 a4 35. Ne4 axb3 36. axb3 Nd7 37. b4 Be7 38. bxc5 Rd3 39. Rc3 Rxc3 40. Rxc3 Rc7 41. Rf3 Nxc5 42. Bxc5 Bxc5 43. Nxf6 Ke6 44. h4 Ra7 45. Ne4 Be7 46. Rf4 Ra5 47. Rf3 Ra4 48. Re3 Kf7 49. f4 h5 50. Re2 Ra3 51. Rc2 Re3 52. Ng5+ Bxg5 53. hxg5 Rd3 54. Kh3 Rf3 55. Rc7+ Kg8 56. Rc6 Kg7 57. Rc7+ Kg8 58. Kg2 Rb3 59. Re7 Kf8 60. Re5 Kf7 61. Kf2 Ra3 62. Re3 Ra4 63. Kf3 Rb4 64. Rd3 Ke6 65. Ra3 Kf7 66. Ke3 Rc4 67. Ra7+ Kf8 68. Rd7 Ra4 69. Rd4 Ra3+ 70. Rd3 Ra4 71. Kf3 Ke7 72. g4 hxg4+ 73. Kxg4 Rb4 74. Rh3 Kf8 75. Rh7 Rb3 76. Rd7 Rc3 77. Rb7 Ra3 78. Rb4 Rc3 79. f5 gxf5+ 80. Kh5 Rc6 81. g6 Rc1 82. Kh6 Rh1+ 83. Kg5 Rc1 84. Rh4 Kg7 85. Rh7+ Kg8 86. Rh2 Kg7 87. Rh7+ Kg8 88. Rh2 Kg7 89. Rh7+ 1/2-1/2

[Event "Charlotte Fall GM-A 2023"]
[Site "Charlotte"]
[Date "2023.11.18"]
[Round "3.3"]
[White "Siddharth, Jagadeesh"]
[Black "Bellahcene, Bilel"]
[Result "*"]
[ECO "B33"]
[WhiteElo "2438"]
[BlackElo "2502"]
[Annotator "RC"]
[PlyCount "40"]
[EventDate "2023.11.17"]
[EventType "tourn"]
[EventCountry "USA"]
[SourceTitle "playchess.com"]
[Source "ChessBase"]
[SourceQuality "1"]
[TimeControl "5400+30"]

1. e4 c5 2. Nf3 Nc6 3. d4 cxd4 4. Nxd4 Nf6 5. Nc3 e5 6. Ndb5 d6 7. Bg5 a6 8. Na3 b5 9. Nab1 Be7 10. Bxf6 Bxf6 11. a4 b4 12. Nd5 O-O 13. Bc4 Bg5 14. O-O Rb8 15. Qd3 a5 16. Nd2 Ne7 17. Nf3 Nxd5 18. Bxd5 Be7 19. c4 bxc3 20. Qxc3 Qb6 *

[Event "Charlotte Fall GM-A 2023"]
[Site "Charlotte"]
[Date "2023.11.18"]
[Round "3.4"]
[White "Woodward, Andy"]
[Black "Gauri, Shankar"]
[Result "1/2-1/2"]
[ECO "E73"]
[WhiteElo "2473"]
[BlackElo "2351"]
[Annotator "RC"]
[PlyCount "55"]
[EventDate "2023.11.17"]
[EventType "tourn"]
[EventCountry "USA"]
[SourceTitle "playchess.com"]
[Source "ChessBase"]
[SourceQuality "1"]
[TimeControl "5400+30"]

1. d4 Nf6 2. c4 g6 3. Nc3 Bg7 4. e4 d6 5. Be2 O-O 6. Be3 e5 7. d5 Na6 8. h4 Nc5 9. Qc2 c6 10. f3 cxd5 11. cxd5 Nh5 12. b4 Na6 13. Bxa6 bxa6 14. g4 Nf4 15. h5 Bd7 16. Qh2 h6 17. Nge2 Rc8 18. O-O Rc4 19. Rac1 Qf6 20. Nb1 Rxc1 21. Rxc1 Nd3 22. Rf1 Rc8 23. hxg6 fxg6 24. Nbc3 Nf4 25. Rc1 Nd3 26. Rf1 Nf4 27. Rc1 Nd3 28. Rf1 1/2-1/2

[Event "Charlotte Fall GM-A 2023"]
[Site "Charlotte"]
[Date "2023.11.18"]
[Round "3.5"]
[White "Aarav Dengla"]
[Black "Chen, Ryo"]
[Result "1-0"]
[ECO "B62"]
[WhiteElo "2391"]
[BlackElo "2367"]
[Annotator "RC"]
[PlyCount "149"]
[EventDate "2023.11.17"]
[EventType "tourn"]
[EventCountry "USA"]
[SourceTitle "playchess.com"]
[Source "ChessBase"]
[SourceQuality "1"]
[TimeControl "5400+30"]

1. e4 c5 2. Nf3 d6 3. d4 cxd4 4. Nxd4 Nf6 5. Nc3 Nc6 6. Bg5 e6 7. Qd3 Bd7 8. O-O-O a6 9. f4 h6 10. Bh4 Be7 11. Nf3 g5 12. fxg5 Ng4 13. Qd2 Nge5 14. Bg3 hxg5 15. Nxe5 Nxe5 16. Bd3 Qa5 17. Kb1 Bc6 18. Rhf1 O-O-O 19. Qf2 Nxd3 20. cxd3 f5 21. exf5 exf5 22. Qxf5+ Qxf5 23. Rxf5 Rdf8 24. Nd5 Bd8 25. Rdf1 Rxf5 26. Rxf5 Re8 27. Nc3 Kd7 28. Rf2 d5 29. Kc2 Bb6 30. Rf7+ Ke6 31. Rf1 Kd7 32. Rf7+ Ke6 33. Rf1 Kd7 34. Rf6 Bc5 35. Rf5 g4 36. Rg5 b5 37. a3 a5 38. Rg7+ Re7 39. Rxe7+ Bxe7 40. Ne2 Bf6 41. d4 b4 42. axb4 axb4 43. Be5 Bg5 44. Kb3 Bb5 45. Ng3 Bd2 46. Kc2 Be1 47. Nh5 Bf1 48. g3 Kc6 49. Kd1 Bf2 50. Nf6 Bg1 51. Ke1 Bd3 52. Nxg4 Kb5 53. Kd2 Bf5 54. Ne3 Be4 55. g4 Ka4 56. h4 Bf2 57. h5 Bh4 58. Ke2 Kb3 59. h6 Bg5 60. Nxd5 Bxh6 61. Nf6 Bc6 62. d5 Bb5+ 63. Kd1 Kc4 64. d6 Bg5 65. Nh7 Bd8 66. Bf6 Bb6 67. Nf8 Bc6 68. g5 Kd3 69. d7 Bf3+ 70. Kc1 Bg4 71. g6 Bf5 72. d8=Q+ Bxd8 73. Bxd8 Be4 74. g7 Bd5 75. Nd7 1-0

[Event "Charlotte Fall GM-A 2023"]
[Site "Charlotte"]
[Date "2023.11.19"]
[Round "4.1"]
[White "Sandoval Mercado, Carlos"]
[Black "Chen, Ryo"]
[Result "0-1"]
[ECO "E62"]
[WhiteElo "2397"]
[BlackElo "2367"]
[Annotator "RC"]
[PlyCount "90"]
[EventDate "2023.11.17"]
[EventType "tourn"]
[EventCountry "USA"]
[SourceTitle "playchess.com"]
[Source "ChessBase"]
[SourceQuality "1"]
[TimeControl "5400+30"]

1. d4 Nf6 2. c4 g6 3. Nf3 Bg7 4. g3 O-O 5. Bg2 d6 6. O-O Nc6 7. Nc3 e5 8. dxe5 dxe5 9. Bg5 h6 10. Qxd8 Rxd8 11. Bxf6 Bxf6 12. Nd5 Kg7 13. Nxc7 Rb8 14. e4 Be7 15. Rfd1 Be6 16. Nd5 Bc5 17. h3 a5 18. Rab1 b6 19. Bf1 f6 20. Kg2 Rd7 21. Rbc1 Rf7 22. Bd3 Rbf8 23. Ne1 f5 24. f4 Re8 25. exf5 gxf5 26. Be2 Rd7 27. Nd3 e4 28. Bh5 Red8 29. Nxc5 bxc5 30. Kf2 Rb7 31. b3 a4 32. Nc3 axb3 33. axb3 Rxb3 34. Rxd8 Nxd8 35. g4 Nc6 36. gxf5 Bxf5 37. Bg4 Kg6 38. Nd5 h5 39. Bxf5+ Kxf5 40. Rg1 Rf3+ 41. Ke1 e3 42. Rg5+ Ke4 43. Nf6+ Kd3 44. Nd7 e2 45. Rg1 Nd4 0-1

[Event "Charlotte Fall GM-A 2023"]
[Site "Charlotte"]
[Date "2023.11.18"]
[Round "4.3"]
[White "Bellahcene, Bilel"]
[Black "Woodward, Andy"]
[Result "1/2-1/2"]
[ECO "B94"]
[WhiteElo "2502"]
[BlackElo "2473"]
[Annotator "RC"]
[PlyCount "44"]
[EventDate "2023.11.17"]
[EventType "tourn"]
[EventCountry "USA"]
[SourceTitle "playchess.com"]
[Source "ChessBase"]
[SourceQuality "1"]
[TimeControl "5400+30"]

1. e4 c5 2. Nf3 d6 3. d4 cxd4 4. Nxd4 Nf6 5. Nc3 a6 6. Bg5 Nbd7 7. Bc4 Qb6 8. O-O Qxb2 9. Nd5 Nxd5 10. Rb1 Qc3 11. Bxd5 e6 12. Bxb7 Bxb7 13. Rxb7 Nc5 14. Rc7 Qa5 15. Rc6 Nxe4 16. Qb1 Qxg5 17. Qb7 Rd8 18. Rxa6 Nc5 19. Qb5+ Rd7 20. Ra8+ Ke7 21. Nc6+ Kf6 22. Ra3 Qd5 1/2-1/2

[Event "Charlotte Fall GM-A 2023"]
[Site "Charlotte"]
[Date "2023.11.19"]
[Round "4.4"]
[White "Mardov, Dimitar"]
[Black "Siddharth, Jagadeesh"]
[Result "1-0"]
[ECO "E70"]
[WhiteElo "2455"]
[BlackElo "2438"]
[Annotator "RC"]
[PlyCount "127"]
[EventDate "2023.11.17"]
[EventType "tourn"]
[EventCountry "USA"]
[SourceTitle "playchess.com"]
[Source "ChessBase"]
[SourceQuality "1"]
[TimeControl "5400+30"]

1. d4 Nf6 2. c4 g6 3. Nc3 Bg7 4. e4 d6 5. Bd3 O-O 6. Nge2 Nc6 7. O-O Nd7 8. Bc2 e5 9. d5 Nd4 10. Nxd4 exd4 11. Ne2 Ne5 12. Nxd4 Nxc4 13. Rb1 Re8 14. h3 c5 15. dxc6 bxc6 16. Nxc6 Qb6 17. Re1 Ba6 18. b3 Qxc6 19. bxc4 Qxc4 20. Bb3 Qd3 21. Ba3 Rad8 22. Re3 Qxd1+ 23. Rxd1 Bb7 24. Rf3 Re7 25. Rxd6 Rxd6 26. Bxd6 Rd7 27. Ba3 Bd4 28. Ba4 Rd8 29. Bc2 Bb6 30. Rc3 Re8 31. Rc4 Ba6 32. Rc3 Bb7 33. Bb2 Bd4 34. Rc7 Bxb2 35. Rxb7 Bd4 36. Bb3 Rxe4 37. Rxf7 Kh8 38. g3 Bc5 39. Kg2 Re7 40. Rf4 Kg7 41. h4 Bb6 42. g4 h6 43. g5 hxg5 44. hxg5 Rd7 45. Re4 Bc5 46. Re5 Bb6 47. f4 Rd2+ 48. Kf3 Rd3+ 49. Ke2 Rd7 50. Re8 Bc5 51. Rc8 Bb6 52. Rc6 Re7+ 53. Kf3 Re3+ 54. Kg4 Re1 55. Bc2 Rg1+ 56. Kf3 Rf1+ 57. Kg3 Rg1+ 58. Kh3 Rh1+ 59. Kg2 Rg1+ 60. Kf3 Rf1+ 61. Kg3 Rg1+ 62. Kh2 Rg4 63. Rxg6+ Kh8 64. f5 1-0

[Event "Charlotte Fall GM-A 2023"]
[Site "Charlotte"]
[Date "2023.11.19"]
[Round "5.1"]
[White "Cruz, Cristhian"]
[Black "Sandoval Mercado, Carlos"]
[Result "1/2-1/2"]
[ECO "A61"]
[WhiteElo "2498"]
[BlackElo "2397"]
[Annotator "RC"]
[PlyCount "55"]
[EventDate "2023.11.17"]
[EventType "tourn"]
[EventCountry "USA"]
[SourceTitle "playchess.com"]
[Source "ChessBase"]
[SourceQuality "1"]
[TimeControl "5400+30"]

1. d4 Nf6 2. c4 c5 3. d5 e6 4. Nc3 exd5 5. cxd5 d6 6. Nf3 g6 7. Bf4 Bg7 8. e3 O-O 9. Be2 Nh5 10. Bg5 Qb6 11. Qc1 h6 12. Bh4 g5 13. Nd2 gxh4 14. Bxh5 Qd8 15. Nc4 Nd7 16. Bg4 Qg5 17. Bh3 b5 18. Nxb5 Rb8 19. Nbxd6 Ne5 20. Nxe5 Bxh3 21. gxh3 Qxe5 22. Nc4 Qxd5 23. Rg1 Kh8 24. Qc2 Qf3 25. Qe2 Qxh3 26. Qg4 Qxg4 27. Rxg4 Bxb2 28. Nxb2 1/2-1/2

[Event "Charlotte Fall GM-A 2023"]
[Site "Charlotte"]
[Date "2023.11.19"]
[Round "5.2"]
[White "Siddharth, Jagadeesh"]
[Black "Corrales Jimenez, Fidel"]
[Result "1/2-1/2"]
[ECO "D00"]
[WhiteElo "2438"]
[BlackElo "2525"]
[Annotator "RC"]
[PlyCount "141"]
[EventDate "2023.11.17"]
[EventType "tourn"]
[EventCountry "USA"]
[SourceTitle "playchess.com"]
[Source "ChessBase"]
[SourceQuality "1"]
[TimeControl "5400+30"]

1. d4 Nf6 2. Nc3 d5 3. Bf4 c6 4. e3 g6 5. h3 Bg7 6. Nf3 Nbd7 7. Be2 a5 8. a4 O-O 9. O-O Nb6 10. Bd3 Bf5 11. Re1 Rc8 12. e4 dxe4 13. Nxe4 Bxe4 14. Bxe4 Nxe4 15. Rxe4 Nd5 16. Be5 b5 17. c3 b4 18. Bxg7 Kxg7 19. c4 Nf6 20. Re3 e6 21. Qe2 Qc7 22. Rd1 c5 23. b3 Rcd8 24. Red3 cxd4 25. Nxd4 Rde8 26. Nb5 Qc5 27. Qf3 Re7 28. Nd6 Ne8 29. Qf4 Nxd6 30. Qxd6 Rc8 31. Qxc5 Rxc5 32. Rd7 Kf6 33. f3 h5 34. h4 g5 35. hxg5+ Rxg5 36. Kf2 Re8 37. Rd8 Rxd8 38. Rxd8 Ke5 39. g3 Rg7 40. c5 f6 41. Ke3 Rxg3 42. c6 Rg7 43. Rd7 Rg1 44. Kd2 Rg8 45. Ra7 h4 46. Rxa5+ Kf4 47. Rb5 h3 48. Rxb4+ Kxf3 49. Rh4 Kg3 50. Rh6 Rc8 51. Rg6+ Kh4 52. Rxf6 Rxc6 53. Rh6+ Kg3 54. Rg6+ Kf3 55. Rh6 Kg3 56. Rg6+ Kh4 57. Rh6+ Kg4 58. Rg6+ Kh4 59. Rh6+ Kg4 60. Rg6+ Kh5 61. Rg1 Kh4 62. Kd3 h2 63. Rh1 Kg3 64. b4 Kg2 65. Rxh2+ Kxh2 66. b5 Rc1 67. a5 Kg3 68. b6 Rb1 69. Kd4 Kf4 70. Kc5 e5 71. a6 1/2-1/2

[Event "Charlotte Fall GM-A 2023"]
[Site "Charlotte"]
[Date "2023.11.19"]
[Round "5.3"]
[White "Woodward, Andy"]
[Black "Mardov, Dimitar"]
[Result "1-0"]
[ECO "E08"]
[WhiteElo "2473"]
[BlackElo "2455"]
[Annotator "RC"]
[PlyCount "79"]
[EventDate "2023.11.17"]
[EventType "tourn"]
[EventCountry "USA"]
[SourceTitle "playchess.com"]
[Source "ChessBase"]
[SourceQuality "1"]
[TimeControl "5400+30"]

1. d4 Nf6 2. c4 e6 3. g3 d5 4. Nf3 Bb4+ 5. Bd2 Be7 6. Bg2 O-O 7. O-O c6 8. Qc2 Nbd7 9. Bf4 a5 10. Rc1 h6 11. h4 a4 12. Nbd2 c5 13. e4 dxe4 14. Nxe4 cxd4 15. Rd1 Nh5 16. Bd6 Bxd6 17. Nxd6 e5 18. Qe2 Qb6 19. Nb5 Qc5 20. Re1 Re8 21. Nfxd4 Ndf6 22. b4 Qxb4 23. Nc7 Bg4 24. Nf3 e4 25. Nxe8 Rxe8 26. Qd2 Qxc4 27. Qd4 Qa6 28. Nd2 Be6 29. Nxe4 Nxe4 30. Qxe4 b6 31. Qb4 Rc8 32. a3 Nf6 33. Rac1 Rxc1 34. Rxc1 Bb3 35. Qd6 Qa5 36. Bf1 Nd5 37. Rc8+ Kh7 38. Bd3+ g6 39. Qf8 Qe1+ 40. Bf1 1-0